 Dungeon Crawl Stone Soup version 0.20.1-1-g8b1a95d (webtiles) character file.

19790 Nidhoragg the Blocker (level 12, -7/101 HPs)
             Began as a Hill Orc Fighter on Oct 21, 2017.
             Was a High Priest of Okawaru.
             Mangled by drjones's ghost (19 damage)
             ... on level 12 of the Dungeon.
             The game lasted 00:53:16 (15310 turns).

Nidhoragg the Blocker (Hill Orc Fighter)           Turns: 15310, Time: 00:53:17

Health: -7/101     AC: 22    Str: 24    XL:     12   Next: 72%
Magic:  12/12      EV:  7    Int:  8    God:    Okawaru [*****.]
Gold:   801        SH: 17    Dex: 10    Spells: 11/11 levels left

rFire    . . .     SeeInvis .   H - +1 flail (protect)
rCold    + + .     Gourm    .   c - +0 shield
rNeg     . . .     Faith    .   t - +2 plate armour {rC+}
rPois    +         Spirit   .   D - +0 helmet
rElec    .         Reflect  +   Q - +1 cloak {+Inv}
rCorr    .         Harm     .   (no gloves)
MR       .....                  O - +0 pair of boots
Stlth    ..........             m - +3 amulet of reflection
Regen    0.3/turn               i - ring of poison resistance
MPRegen  0.2/turn               r - ring of protection from cold

@: no status effects
A: no striking features
a: Heroism, Finesse, Renounce Religion, Evoke Invisibility


You were on level 12 of the Dungeon.
You worshipped Okawaru.
Okawaru was extremely pleased with you.
You were not hungry.

You visited 2 branches of the dungeon, and saw 13 of its levels.

You collected 801 gold pieces.

Inventory:

Hand Weapons
 a - a +0 flail
 H - a +1 flail of protection (weapon)
Missiles
 J - 5 needles of confusion
Armour
 c - a +0 shield (worn)
 t - a +2 plate armour of cold resistance (worn)
 D - a +0 helmet (worn)
 I - a scarf of cloud immunity
 O - a +0 pair of boots (worn)
 Q - a +1 cloak of invisibility (worn)
Jewellery
 i - a ring of poison resistance (left hand)
 m - a +3 amulet of reflection (around neck)
 r - a ring of protection from cold (right hand)
 E - a +4 ring of evasion
Wands
 j - a wand of lightning (8/15)
 q - a wand of digging (12/24)
 u - a wand of flame (25/48)
 w - a wand of paralysis (10/24)
 x - a wand of lightning (9/15)
 y - a wand of iceblast (2/15)
 F - a wand of polymorph (19/24)
 L - a wand of random effects (16/48)
Scrolls
 k - 7 scrolls of remove curse
 l - 2 scrolls of fog
 n - 5 scrolls of teleportation
 s - 6 scrolls of identify
 M - 2 scrolls of magic mapping
Potions
 b - 2 potions of agility
 d - 3 potions of might
 e - 2 potions of flight
 o - a potion of cancellation
 p - 2 potions of resistance
 v - 3 potions of invisibility
 z - 2 potions of curing
 B - 2 potions of lignification
 C - a potion of haste
 G - 2 potions of ambrosia
 K - a potion of magic
Books
 N - a book of Geomancy

   Spells                             Type                      Level
   a - Sandblast                      Earth                        1
   b - Passwall                       Transmutation/Earth          2
   c - Stone Arrow                    Conjuration/Earth            3
   d - Petrify                        Transmutation/Earth          4
   e - Lee's Rapid Deconstruction     Earth                        5
Comestibles
 f - 2 bread rations
 g - 8 meat rations
 h - 5 royal jellies
 A - 3 fruits
 P - 5 chunks of flesh


   Skills:
 + Level 7.9 Fighting
 + Level 11.6 Maces & Flails
 * Level 11.4 Armour
 * Level 14.5 Shields


You had 11 spell levels left.
You didn't know any spells.

Dungeon Overview and Level Annotations

Branches:
Dungeon (12/15)            Temple (1/1) D:7            Lair (0/6) D:9
    Orc (0/2) D:10

Altars:
Ashenzari
Cheibriados
Elyvilon
Fedhas
Gozag
Hepliaklqana
Kikubaaqudgha
Makhleb
Nemelex Xobeh
Okawaru
Qazlal
Ru
Sif Muna
Trog
Uskayaw
Vehumet
Xom
The Shining One
Beogh
Jiyva

Shops:
D:8 :   D:11 =[

Annotations:
D:9 5 runed doors, Grum
D:11 Gargoyl's ghost, journeyman MiAK
D:12 drjones's ghost, journeyman HaHu


Message History

Drjones's ghost is lightly damaged.
You feel something passing dangerously close to your head.
Drjones's ghost hits you.
* * * LOW HITPOINT WARNING * * *
You are electrocuted!
* * * LOW HITPOINT WARNING * * *
You block the troll's attack. x2; The troll claws you.
* * * LOW HITPOINT WARNING * * *
Drjones's ghost hits you!
* * * LOW HITPOINT WARNING * * *
You block drjones's ghost's attack. You block drjones's ghost's attack.
Drjones's ghost hits you but does no damage.
Drjones's ghost whispers, "The ORB doesn't exist."
You block drjones's ghost's attack.
Things that are here:
a giant club; a giant spiked club Drjones's ghost hits you but does no damage.
You are electrocuted!
You die...

......#.............#......#
....................#......#
######.############)#).....#
#............((.......#
#)....................#
#.(...........T.......#
######>...(...(............#
..........(....))W.........#
............(.((@..........#
.............(.............#
<...........(..)...........#
...............(...........#####
##############)########'#......#
#.........(.....#...#......#
#...............#...#......#
#....(...((.....#...#......#
#......(........#...#......#


You could see a troll and drjones's ghost.

Vanquished Creatures
  The ghost of GagarinX the Basher, a journeyman MiFi of Okawaru (D:11)
  A hydra (D:11)
  4 two-headed ogres
  A skeletal warrior (D:11)
  An orc knight (D:11)
  2 ugly things (D:11)
  A gargoyle (D:10)
  Psyche (D:8)
  5 trolls (D:11)
  The ghost of PossumBlood the Skirmisher, an amateur MiFi (D:5)
  A merfolk (D:9)
  3 slime creatures (D:12)
  Grinder (D:5)
  2 hippogriffs
  Prince Ribbit (D:6)
  A wraith (D:9)
  11 yaks
  Menkaure (D:5)
  Edmund (D:5)
  3 wargs (D:9)
  An acid dragon (D:12)
  Duvessa (D:6)
  2 water moccasins (D:8)
  A hornet zombie (D:9)
  3 ice beasts
  16 orc warriors
  A sky beast (D:10)
  A phantom (D:4)
  10 ogres
  A crocodile (D:10)
  9 centaurs
  3 big kobolds
  3 bullfrogs
  A gnoll sergeant (D:10)
  A wyvern zombie (D:8)
  Dowan (D:6)
  A water moccasin zombie (D:8)
  3 scorpions
  12 killer bees
  A howler monkey (D:6)
  13 wights
  7 crimson imps
  2 quasits
  A bullfrog zombie (D:12)
  5 hounds
  7 orc priests
  5 jellies
  A bullfrog skeleton (D:7)
  Jessica (D:2)
  7 worker ants
  3 iguanas
  17 orc wizards
  A hound zombie (D:7)
  4 gnolls (D:10)
  11 adders
  A shadow imp (D:5)
  An adder zombie (D:5)
  4 adder skeletons
  4 worms
  A dart slug (D:2)
  4 leopard geckos
  87 orcs
  A ball python (D:3)
  3 giant cockroaches
  4 goblins
  10 hobgoblins
  10 jackals
  24 kobolds
  8 quokkas
  6 bats
  2 frilled lizards (D:2)
  A quokka skeleton (D:4)
  6 rats
377 creatures vanquished.

Vanquished Creatures (others)
  5 centaurs
  An orc wizard (D:7)
  An orc (D:8)
7 creatures vanquished.

Grand Total: 384 creatures vanquished

Notes
Turn   | Place    | Note
-------+----------+-------------------------------------------
     0 | D:1      | Nidhoragg the Hill Orc Fighter began the quest for the Orb.
     0 | D:1      | Reached XP level 1. HP: 19/19 MP: 1/1
   206 | D:1      | Reached XP level 2. HP: 22/27 MP: 2/2
  1055 | D:2      | Reached XP level 3. HP: 28/33 MP: 3/3
  1210 | D:2      | Noticed Jessica
  1241 | D:2      | Killed Jessica
  1241 | D:2      | Reached XP level 4. HP: 23/40 MP: 4/4
  1636 | D:3      | Reached skill level 4 in Shields
  1645 | D:3      | Found a snail-covered altar of Cheibriados.
  1820 | D:3      | Reached XP level 5. HP: 41/46 MP: 5/5
  2572 | D:4      | Reached skill level 5 in Shields
  2572 | D:4      | Reached XP level 6. HP: 7/52 MP: 6/6
  3032 | D:4      | Reached skill level 5 in Armour
  3090 | D:4      | Found a shattered altar of Ashenzari.
  3155 | D:4      | Noticed a phantom
  3207 | D:4      | Killed a phantom
  3297 | D:5      | Entered Level 5 of the Dungeon
  3328 | D:5      | Noticed Menkaure
  3350 | D:5      | Reached XP level 7. HP: 7/60 MP: 7/7
  3395 | D:5      | HP: 2/60 [Menkaure (3)]
  3396 | D:5      | Killed Menkaure
  3396 | D:5      | Reached skill level 6 in Shields
  4331 | D:5      | Noticed Edmund
  4372 | D:5      | Killed Edmund
  4372 | D:5      | Reached skill level 5 in Fighting
  4372 | D:5      | Reached skill level 5 in Maces & Flails
  4372 | D:5      | Reached XP level 8. HP: 54/68 MP: 8/8
  4376 | D:5      | Noticed PossumBlood's ghost (amateur MiFi)
  4406 | D:5      | Killed PossumBlood's ghost
  4406 | D:5      | Reached skill level 7 in Shields
  4770 | D:5      | Noticed Grinder
  4774 | D:5      | Paralysed by Grinder for 3 turns
  4786 | D:5      | Killed Grinder
  5260 | D:6      | Found a hazy altar of Hepliaklqana.
  5299 | D:6      | Noticed Duvessa
  5299 | D:6      | Noticed Dowan
  5321 | D:6      | Killed Duvessa
  5321 | D:6      | Reached XP level 9. HP: 69/74 MP: 9/9
  5327 | D:6      | Reached skill level 8 in Shields
  5337 | D:6      | Killed Dowan
  5575 | D:6      | Noticed Prince Ribbit
  5588 | D:6      | Killed Prince Ribbit
  6216 | D:7      | Reached skill level 9 in Shields
  6550 | D:7      | Found a sand-covered staircase.
  6618 | D:7      | Found a sparkling altar of Nemelex Xobeh.
  6747 | D:7      | Found a staircase to the Ecumenical Temple.
  6764 | Temple   | Entered the Ecumenical Temple
  6839 | Temple   | Became a worshipper of Warmaster Okawaru
  7343 | D:8      | Reached XP level 10. HP: 47/84 MP: 10/10
  7759 | D:8      | Reached * piety under Okawaru
  7759 | D:8      | Reached skill level 10 in Shields
  7766 | D:8      | Noticed Psyche
  7785 | D:8      | Killed Psyche
  7909 | D:8      | Found a viscous altar of Jiyva.
  8091 | D:8      | Found an opulent altar of Gozag.
  8091 | D:8      | Found a deep blue altar of Sif Muna.
  8405 | D:8      | Reached ** piety under Okawaru
  8459 | D:8      | Found a roughly hewn altar of Beogh.
  8562 | D:8      | Found Baoskann's Book Shop.
  8599 | D:9      | Found a runed gate.
  8599 | D:9      | Found a runed gate.
  8600 | D:9      | Found a runed gate.
  8609 | D:9      | Found a runed door.
  8630 | D:9      | Found a runed door.
  8630 | D:9      | Noticed Grum
  8687 | D:9      | Reached skill level 11 in Shields
  9046 | D:9      | Found a staircase to the Lair.
  9123 | D:9      | Found an ancient bone altar of Kikubaaqudgha.
  9126 | D:9      | Found a stormy altar of Qazlal.
  9126 | D:9      | Found a glowing golden altar of the Shining One.
  9331 | D:9      | Reached *** piety under Okawaru
  9528 | D:9      | Reached XP level 11. HP: 76/92 MP: 11/11
  9714 | D:9      | Noticed a two-headed ogre
  9727 | D:9      | Killed a two-headed ogre
  9736 | D:10     | Entered Level 10 of the Dungeon
  9736 | D:10     | Noticed a two-headed ogre
  9750 | D:10     | Killed a two-headed ogre
  9750 | D:10     | Reached skill level 10 in Armour
  9765 | D:10     | Reached skill level 12 in Shields
  9988 | D:10     | Reached skill level 10 in Maces & Flails
 10209 | D:10     | Reached **** piety under Okawaru
 10469 | D:10     | Found a staircase to the Orcish Mines.
 10797 | D:10     | Noticed a two-headed ogre
 10805 | D:10     | Killed a two-headed ogre
 11171 | D:11     | Found Hofe's Armour Boutique.
 11205 | D:11     | Noticed an orc knight
 11241 | D:11     | Killed an orc knight
 11241 | D:11     | Reached skill level 13 in Shields
 11251 | D:11     | HP: 2/92 [orc priest/divine providence (10)]
 11604 | D:11     | Noticed Gargoyl's ghost (journeyman MiAK)
 12092 | D:11     | Noticed an eight-headed hydra
 12539 | D:11     | Reached XP level 12. HP: 99/100 MP: 12/12
 12567 | D:11     | Killed an eight-headed hydra
 12567 | D:11     | Received a gift from Okawaru
 12620 | D:11     | Noticed GagarinX's ghost (journeyman MiFi)
 12978 | D:11     | Reached ***** piety under Okawaru
 13274 | D:11     | Found a shimmering altar of Xom.
 13367 | D:11     | Killed GagarinX's ghost
 13649 | D:11     | Found Waffoepa's Weapon Shop.
 13667 | D:11     | Reached skill level 14 in Shields
 14075 | D:11     | Found Loubboji's Jewellery Emporium.
 14970 | D:12     | Noticed a two-headed ogre
 14985 | D:12     | Killed a two-headed ogre
 15071 | D:12     | Received a gift from Okawaru
 15240 | D:12     | Noticed drjones's ghost (journeyman HaHu)
 15278 | D:12     | HP: 3/101 [drjones's ghost (10)]
 15310 | D:12     | Mangled by drjones's ghost

Skill      XL: |  1  2  3  4  5  6  7  8  9 10 11 12 |
---------------+-------------------------------------+-----
Armour         | 4 5 6 7 8 9 10 11 | 11.4
Shields        | 4 5 6 7 9 11 13 14 | 14.5
Maces & Flails | 3 4 5 6 8 9 10 11 | 11.6
Fighting       | 4 5 6 7 |  7.9

Action                   |  1- 3 |  4- 6 |  7- 9 | 10-12 || total
-------------------------+-------+-------+-------+-------++-------
Melee: Flail             |   101 |   294 |   679 |  1499 ||  2573
Invok: Heroism           |       |       |       |    12 ||    12
       Finesse           |       |       |       |     1 ||     1
  Use: Scroll            |     6 |     2 |     6 |    10 ||    24
       Potion            |       |       |       |     1 ||     1
 Stab: Invisible         |       |       |       |     2 ||     2
  Eat: Chunk             |     1 |     6 |    11 |    18 ||    36
       Bread ration      |       |       |     1 |     2 ||     3
       Fruit             |       |       |     1 |     1 ||     2
Armor: Scale mail        |    44 |    13 |       |       ||    57
       Plate armour      |       |   140 |   256 |   593 ||   989
Dodge: Dodged            |    23 |    37 |    84 |   232 ||   376
Block: Shield            |    53 |   192 |   446 |  1155 ||  1846
       Reflection        |     1 |     1 |       |    50 ||    52
